 Dungeon Crawl Stone Soup version 0.27-a0-1196-g3e9cee4cb2 (webtiles) character file.

Game seed: 13104307751098111618

1005 Shayle the Sneak (level 8, 0/62 HPs)
             Began as a Demonspawn Enchanter on May 29, 2021.
             Was a Follower of Wu Jian.
             Slain by Joseph
             ... wielding a +0 quarterstaff
              (5 damage)
             ... on level 7 of the Dungeon.
             The game lasted 00:16:20 (5638 turns).

Shayle the Sneak (Demonspawn Enchanter)             Turns: 5638, Time: 00:16:20

Health: 0/62       AC: 10    Str:  9    XL:     8   Next: 0%
Magic:  4/11       EV: 19    Int: 16    God:    Wu Jian [*.....]
Gold:   204        SH:  0    Dex: 16    Spells: 5/11 levels left

rFire    . . .     SeeInvis .   a - +1 dagger (elec)
rCold    + . .     Faith    .   (no shield)
rNeg     . . .     Spirit   .   k - +0 steam dragon scales
rPois    .         Reflect  .   (no helmet)
rElec    .         Harm     .   (no cloak)
rCorr    .         Rampage  .   (no gloves)
Will     .....                  o - +0 pair of boots
Stlth    +++.......             i - amulet of regeneration
HPRegen  1.20/turn              g - +4 ring of slaying
MPRegen  0.12/turn              (no ring)

@: mighty, agile
A: icy blue scales 3, powered by pain 2
a: Renounce Religion


You were on level 7 of the Dungeon.
You worshipped Wu Jian.
Wu Jian was aware of your devotion.
You visited 2 branches of the dungeon, and saw 8 of its levels.

You collected 204 gold pieces.

Inventory:

Hand Weapons
 a - a +1 dagger of electrocution (weapon)
 h - a +1 mace of draining
Missiles
 p - 8 boomerangs (quivered)
Armour
 b - a +0 robe
 k - +0 steam dragon scales (worn)
 o - a +0 pair of boots (worn)
Jewellery
 g - a +4 ring of slaying (left hand)
 i - an amulet of regeneration (around neck)
 n - an amulet of faith
Wands
 q - a wand of iceblast (3)
Scrolls
 d - 2 scrolls of teleportation
 e - a scroll of blinking
Potions
 c - a potion of ambrosia
 f - 2 potions of degeneration
 j - 2 potions of attraction


   Skills:
 + Level 5.1 Fighting
 - Level 0.8 Short Blades
 + Level 5.1 Dodging
 + Level 5.9 Stealth
 - Level 2.0 Spellcasting
 - Level 3.0 Hexes


You had 5 spell levels left.
You knew the following spells:

 Your Spells              Type           Power      Damage    Failure   Level
a - Corona                Hex            12%        N/A       6%          1
b - Ensorcelled Hibernat  Hex/Ice        12%        N/A       17%         2
c - Confusing Touch       Hex            11%        N/A       19%         3

Your spell library contained the following spells:

 Spells                   Type           Power      Damage    Failure   Level
 Tukima's Dance           Hex            11%        N/A       19%         3
 Dazzling Flash           Conj/Hex       12%        N/A       32%         3


Dungeon Overview and Level Annotations

Branches:
Dungeon (7/15)             Temple (1/1) D:4

Altars:
Ashenzari
Cheibriados
Dithmenos
Elyvilon
Fedhas
Gozag
Hepliaklqana
Kikubaaqudgha
Makhleb
Nemelex Xobeh
Okawaru
Qazlal
Ru
Sif Muna
Trog
Uskayaw
Vehumet
Wu Jian
Xom
Yredelemnul
The Shining One

Shops:
D:2 [   D:3 (

Annotations:
D:2 1 runed translucent door, Crazy Yiuf
D:4 Duvessa, Edmund
D:7 Joseph


Innate Abilities, Weirdness & Mutations

You are completely covered in icy blue scales. (AC +4, rC+)
You sometimes gain power by taking damage.


Message History

You hit Joseph.
Joseph is moderately wounded.
Joseph hits you with a +0 quarterstaff!
You hit Joseph.
Joseph is moderately wounded.
Joseph hits you but does no damage.
You hit Joseph. Lightning courses through Joseph!
Joseph is heavily wounded.
Joseph hits you with a +0 quarterstaff!
You hit Joseph.
Joseph is severely wounded.
Joseph completely misses you.
You hit Joseph.
Joseph is severely wounded.
Joseph hits you with a +0 quarterstaff!
* * * LOW HITPOINT WARNING * * *
Your magical contamination has completely faded away.
You hit Joseph but do no damage.
Joseph is severely wounded.
Joseph hits you with a +0 quarterstaff.
* * * LOW HITPOINT WARNING * * *
You feel very mighty all of a sudden. Joseph hits you but does no damage.
You puncture Joseph!
Joseph is almost dead.
Joseph closely misses you.
You barely miss Joseph.
Joseph is almost dead.
Joseph hits you with a +0 quarterstaff!
* * * LOW HITPOINT WARNING * * *
You focus on the pain.
You feel agile all of a sudden.
You closely miss Joseph.
Joseph is almost dead.
Joseph is no longer covered in acid.
Joseph hits you with a +0 quarterstaff!
* * * LOW HITPOINT WARNING * * *
You puncture Joseph!
Joseph is almost dead.
Joseph hits you with a +0 quarterstaff.
You die...

♣♣♣ ♣..♣
♣.. ♣..♣♣
♣.♣ ♣♣..♣
♣.♣ ♣..♣♣
♣.♣ ♣♣
♣♣..♣ ♣.♣
.♣
♣♣.♣♣♣.♣
.♣♣
♣.♣...♣
..♣♣♣
♣.....♣♣
♣...♣♣♣♣
♣♣.@@).♣♣
♣♣.♣.♣.♣♣
♣.♣♣...♣
♣♣♣♣..†♣♣♣
♣.♣♣♣♣.♣
♣♣♣.♣.♣♣
♣.♣ ♣(♣
♣..♣.♣♣.♣♣
♣♣.♣
♣..♣♣.†.♣
♣.♣♣
♣.♣♣♣♣♣♣♣
♣♣.♣ ♣..
♣.♣♣ ♣.♣♣
♣♣.♣


You could see Joseph.

Vanquished Creatures
  A steam dragon (D:6)
  An orc warrior (D:7)
  3 ogres (D:5)
  A scorpion (D:7)
  Dowan (D:4)
  A centaur zombie (D:7)
  2 hounds
  A jelly (D:5)
  2 gnoll shamans
  A centaur skeleton (D:4)
  4 iguanas
  A scorpion zombie (D:5)
  3 adders (D:2)
  A white imp (D:7)
  2 dart slugs
  An orc (D:6)
  10 ball pythons
  6 endoplasms
  3 giant cockroaches
  6 hobgoblins
  2 jackals (D:4)
  3 quokkas
  2 bats
  7 frilled lizards
  3 goblins
  3 kobolds
  6 rats
77 creatures vanquished.

Notes
Turn   | Place    | Note
-------+----------+-------------------------------------------
     0 | D:1      | Shayle the Demonspawn Enchanter began the quest for the
                  | Orb.
     0 | D:1      | Reached XP level 1. HP: 13/13 MP: 3/3
   573 | D:1      | Gained mutation: You sometimes gain a little power by
                  | taking damage. [demonic ancestry]
   573 | D:1      | Reached XP level 2. HP: 13/20 MP: 5/5
  1061 | D:1      | Reached skill level 1 in Fighting
  1066 | D:1      | Learned a level 2 spell: Ensorcelled Hibernation
  1526 | D:2      | Gained mutation: You sometimes gain power by taking damage.
                  | [demonic ancestry]
  1526 | D:2      | Reached XP level 3. HP: 26/26 MP: 6/6
  1779 | D:2      | HP: 1/26 [quokka (5)]
  2433 | D:2      | Found a runed translucent door.
  2434 | D:2      | Noticed Crazy Yiuf
  2530 | D:2      | Gained mutation: You are partially covered in icy blue
                  | scales. (AC +2) [demonic ancestry]
  2530 | D:2      | Reached XP level 4. HP: 7/33 MP: 1/7
  2808 | D:2      | Found Pairyski's Antique Armour Emporium.
  3395 | D:3      | Found Hiasav's Antique Weapon Shoppe.
  3481 | D:3      | You fall into a shaft and drop 2 floors!
  3481 | D:5      | Entered Level 5 of the Dungeon
  3508 | D:5      | Noticed an ogre
  3511 | D:5      | Noticed an ogre
  3912 | D:4      | Found a staircase to the Ecumenical Temple.
  3937 | D:5      | Noticed an ogre
  3947 | D:5      | Killed an ogre
  3948 | D:5      | Gained mutation: You are mostly covered in icy blue scales.
                  | (AC +3) [demonic ancestry]
  3948 | D:5      | Reached XP level 5. HP: 40/40 MP: 3/8
  4073 | Temple   | Entered the Ecumenical Temple
  4391 | Temple   | Became a worshipper of the Wu Jian Council
  4445 | D:5      | Killed an ogre
  4446 | D:5      | Reached XP level 6. HP: 47/47 MP: 2/9
  4551 | D:5      | Learned a level 3 spell: Confusing Touch
  4813 | D:4      | Noticed Dowan
  4816 | D:4      | Noticed Duvessa
  4817 | D:4      | Killed Dowan
  4822 | D:4      | Noticed Edmund
  4927 | D:5      | Reached skill level 5 in Stealth
  4927 | D:5      | Gained mutation: You are completely covered in icy blue
                  | scales. (AC +4, rC+) [demonic ancestry]
  4927 | D:5      | Reached XP level 7. HP: 22/54 MP: 10/10
  5180 | D:6      | Noticed a steam dragon
  5189 | D:6      | Killed a steam dragon
  5562 | D:7      | Reached skill level 5 in Fighting
  5562 | D:7      | Reached skill level 5 in Dodging
  5604 | D:7      | Reached * piety under Wu Jian
  5605 | D:7      | Reached XP level 8. HP: 28/62 MP: 2/11
  5618 | D:7      | Noticed Joseph
  5638 | D:7      | Slain by Joseph

Illustrated notes

Levels and vault maps discovered:
D:1:      evilmike_arrival_plus, layout_loops_ring, minmay_tripent
D:2:      minmay_recursive_quarters, layout_rooms, serial_shops,
          nicolae_shop_crystal, grunt_decor_clamped, minmay_stone_trees_small,
          uniq_crazy_yiuf_cottage
D:3:      minmay_door_path, layout_basic, ebering_ecumenical_altar_abandoned,
          serial_shops, shop, kennysheep_generic_room_11
D:4:      layout_loops_ring, minmay_temple_entry_from_below_b,
          gammafunk_ghost_grave, minmay_misc_feat_plants, serial_bayou_crossing,
          uniq_edmund, uniq_duvessa
D:5:      layout_rooms
D:6:      layout_loops_ring, biasface_ghost_orc_armoury
D:7:      kb_forest_paths, layout_rooms, zin_purify, uniq_joseph, uniq_harold
Temple:   regret_index_temple_sigil_plot

Skill      XL: |  1  2  3  4  5  6  7 |
---------------+----------------------+-----
Dodging        | 2 3 4 5 |  5.1
Stealth        | 3 4 5 |  5.9
Fighting       | 1 2 3 4 5 |  5.1
Short Blades   | |  0.8
Spellcasting   | |  2.0
Hexes          | |  3.0

Action                   |  1- 3 |  4- 6 |  7- 9 || total
-------------------------+-------+-------+-------++-------
Melee: Dagger            |   151 |    99 |    74 ||   324
 Cast: Corona            |     5 |       |       ||     5
       Ensorcelled Hiber |    13 |    16 |    13 ||    42
       Confusing Touch   |       |     1 |     1 ||     2
Invok: Lunge             |       |     4 |     5 ||     9
Evoke: Wand              |       |       |     4 ||     4
  Use: Scroll            |     4 |    10 |     3 ||    17
       Potion            |       |     2 |     2 ||     4
 Stab: Sleeping          |    15 |    14 |    11 ||    40
       Confused          |       |     2 |       ||     2
Armor: Robe              |    15 |    17 |     3 ||    35
       Steam dragon scal |       |       |    20 ||    20
Dodge: Dodged            |   105 |    76 |    52 ||   233

Table legend: (Time is in decaauts)
 A = Elapsed time spent in this place.
 B = Non-inter-level travel time spent in this place.
 C = Inter-level travel time spent in this place.
 D = Time resting spent in this place.
 E = Time spent auto-exploring this place.
 F = Levels seen in this place.
 G = Mean time per level.
                   A        B        C        D        E       F      G
               +--------+--------+--------+--------+--------+-----+--------+
         Total |   5631 |   5433 |    198 |   1543 |   2501 |   8 |  703.9 |
       Dungeon |   5280 |   5143 |    137 |   1543 |   2213 |   7 |  754.3 |
        Temple |    350 |    289 |     61 |      0 |    288 |   1 |  350.0 |
               +--------+--------+--------+--------+--------+-----+--------+

Top non-repeatable levels by time:
     D:2: 1742 daAuts
     D:1: 1519 daAuts
     D:5: 716 daAuts
     D:4: 623 daAuts
  Temple: 350 daAuts
     D:7: 275 daAuts
     D:3: 212 daAuts
     D:6: 191 daAuts
